Double USF kinda work

Match 21513797
End
Panzergrenadier Squad
250 Light Carrier
Panzergrenadier Squad
Construct Light Support Kompanie
MG34 Team
Fire Support Elements
Selects Italian Infantry
Selects Guastatori Squad
Guastatori Squad
Flakvierling Half-track
Vehicle Survival Package
2.5-tonne Medical Truck
Panzerjäger Squad
Guastatori Squad
Construct Panzerarmee Kommand
Selects Sound the Alarm
Selects Prepared Positions
Construct Panzerarmee Kommand
Veteran Squad Leaders
le.IG 18 Mechanized Group
Panzer III L Medium Tank
Selects Obice 305mm Barrage
Panzer III L Medium Tank
Obice 305mm Barrage
Sound the Alarm
Walking Stuka Rocket Launcher
Selects Registered Artillery
2.5-tonne Medical Truck
Registered Artillery
Sound the Alarm
Registered Artillery
Assault Mechanized Group
SMOKO
OPORD Zulu
HulkSMASH
Ruby
0
0

Comments sign in to comment!

DebaKLeTV over 1 year ago

Great game, thanks for uploading.